 Dungeon Crawl Stone Soup version 0.32-a0-909-gc671339a80 (webtiles) character file.

Game seed: 16701670943730040203

1342 Ajdolov the Trooper (level 8, -6/71 HPs)
             Began as an Armataur Hunter on Apr 7, 2024.
             Mangled by a wyvern (13 damage)
             ... on level 6 of the Dungeon.
             The game lasted 00:07:44 (5931 turns).

Ajdolov the Trooper (Armataur Hunter)               Turns: 5931, Time: 00:07:45

Health: -6/71      AC:  7    Str: 17    XL:     8   Next: 35%
Magic:  8/8        EV:  9    Int: 10    God:
Gold:   186        SH:  0    Dex: 21    Spells: 7/7 levels left

rFire   + . .        a - +0 shortbow
rCold   . . .        (shield currently unavailable)
rNeg    . . .        c - +0 leather armour
rPois   .            j - +2 hat
rElec   .            m - +0 cloak
rCorr   .            (no gloves)
SInv    .            (no barding)
Will    .....        y - amulet of the acrobat
Stlth   ++           t - ring of protection from fire
HPRegen 0.31/turn    s - +6 ring of dexterity
MPRegen 0.11/turn

%: acrobat, roll
@: no status effects
A: large, deformed body, tough skin 3, armoured tail, rollpage 2
a: no special abilities


You were on level 6 of the Dungeon.
You visited 2 branches of the dungeon, and saw 8 of its levels.

You collected 311 gold pieces.
You spent 125 gold pieces at shops.

Inventory:

Hand Weapons
 a - a +0 shortbow (weapon)
Armour
 c - a +0 leather armour (worn)
 j - a +2 hat (worn)
 m - a +0 cloak (worn)
 n - a +0 helmet of intelligence
Jewellery
 p - a +5 ring of evasion
 r - a ring of resist corrosion
 s - a +6 ring of dexterity (right hand)
 t - a ring of protection from fire (left hand)
 u - a ring of magical power
 y - an amulet of the acrobat (around neck)
Scrolls
 b - a scroll of butterflies
 d - 4 scrolls of identify {unknown}
 e - 5 scrolls of fog {unknown}
 i - a scroll of enchant armour {unknown}
 k - 2 scrolls of teleportation {unknown}
 o - a scroll of revelation {unknown}
 v - a scroll of amnesia {unknown}
 w - 2 scrolls of enchant weapon {unknown}
 x - a scroll of fear {unknown}
Potions
 f - 3 potions of lignification {unknown}
 g - a potion of berserk rage {unknown}
 h - 5 potions of curing
 l - a potion of heal wounds {unknown}
 q - a potion of degeneration {unknown}


   Skills:
 + Level 6.8 Fighting
 + Level 6.3 Ranged Weapons
 - Level 1.3 Dodging
 - Level 1.1 Stealth


You had 7 spell levels left.
You didn't know any spells.
Your spell library contained the following spells:

 Spells                   Type           Power      Damage    Failure   Level
 Summon Small Mammal      Summ           0%         N/A       43%         1
 Call Imp                 Summ           0%         N/A       56%         2
 Sublimation of Blood     Necr           0%         N/A       56%         2
 Call Canine Familiar     Summ           0%         N/A       80%         3
 Summon Blazeheart Golem  Fire/Summ      0%         N/A       99%         4
 Summon Hydra             Summ           0%         N/A       100%        7


Dungeon Overview and Level Annotations

Branches:
Dungeon (7/15)             Temple (1/1) D:6

Altars:
Ashenzari
Cheibriados
Dithmenos
Elyvilon
Fedhas
Gozag
Hepliaklqana
Kikubaaqudgha
Makhleb
Nemelex Xobeh
Okawaru
Qazlal
Ru
Sif Muna
Trog
Uskayaw
Vehumet
Wu Jian
Xom
Yredelemnul

Shops:
D:6 *

Annotations:
D:6 Pikel


Innate Abilities, Weirdness & Mutations

Armour fits poorly on your strangely shaped body.
You have extremely tough skin. (AC +3)
You have a long armoured tail.
You regenerate magic and health when rolling toward enemies. (Rampage Regen)


Message History

You shoot an arrow. The arrow hits the wyvern.
The wyvern is lightly wounded.
The wyvern barely misses you. The wyvern bites you!
You shoot an arrow. The arrow hits the wyvern.
The wyvern is moderately wounded.
The wyvern completely misses you.
Unknown command.
You shoot an arrow. The arrow closely misses the wyvern.
The wyvern barely misses you. The wyvern closely misses you.
You shoot an arrow. The arrow hits the wyvern.
The wyvern is moderately wounded.
The wyvern bites you but does no damage.
The wyvern bites you!
You shoot an arrow. The arrow hits the wyvern.
The wyvern is heavily wounded.
The wyvern bites you.
You shoot an arrow. The arrow barely misses the wyvern.
The wyvern bites you! The wyvern bites you.
Unknown command.
You are too injured to fight recklessly!
You are too injured to fight recklessly!
You are too injured to fight recklessly!
You are too injured to fight recklessly!
You are too injured to fight recklessly!
Unknown command.
You shoot an arrow. The arrow barely misses the wyvern.
The wyvern closely misses you. The wyvern bites you!
You shoot an arrow. The arrow barely misses the wyvern.
The wyvern barely misses you.
You shoot an arrow. The arrow hits the wyvern.
The wyvern is severely wounded.
The wyvern bites you!
* * * LOW HITPOINT WARNING * * *
The wyvern closely misses you.
You shoot an arrow. The arrow closely misses the wyvern.
The wyvern barely misses you. The wyvern bites you!
* * * LOW HITPOINT WARNING * * *
Unknown command.
You feel better. The wyvern bites you!
You die...

#............. ...##.............
##...##.#.#####..K.
.....##.#........#.
#.....#.#..####..#.
#.....#.#..#.......
.....#...##.###### #######
#.k..###.##.#.....
......##########@######.##'#.####
.................................
#....###########................#
#.#### #.............##.# #.#
##...##........#.#
#.###############...####.#.......
....)..........................>#
#)###[#...#######....######.###)#
#)# #(#.#.# ####.# #.# #.#


You could see a wyvern.

Vanquished Creatures
  A black bear (D:6)
  An ice beast (D:6)
  A sky beast (D:6)
  2 ogres
  2 lemures
  A phantom (D:4)
  A kobold brigand (D:6)
  4 scorpions
  A jelly (D:6)
  An orc priest (D:6)
  3 iguanas
  Jessica (D:2)
  3 orc wizards
  2 sleepcaps
  9 gnolls
  6 adders
  3 dart slugs
  A ribbon worm (D:2)
  14 orcs
  6 ball pythons
  An endoplasm (D:3)
  A giant cockroach (D:3)
  6 goblins
  8 hobgoblins
  2 jackals (D:3)
  7 kobolds
  A quokka (D:1)
  3 bats
  A frilled lizard (D:2)
  6 rats
99 creatures vanquished.

Notes
Turn   | Place    | Note
-------+----------+-------------------------------------------
     0 | D:1      | Ajdolov the Armataur Hunter began the quest for the Orb.
     0 | D:1      | Reached XP level 1. HP: 17/17 MP: 1/1
   344 | D:1      | Reached XP level 2. HP: 24/24 MP: 2/2
   664 | D:1      | Found a faded altar of an unknown god.
   807 | D:2      | Reached XP level 3. HP: 14/30 MP: 3/3
  1121 | D:2      | Noticed Jessica
  1124 | D:2      | Killed Jessica
  1125 | D:2      | Reached XP level 4. HP: 38/38 MP: 4/4
  2123 | D:4      | Reached XP level 5. HP: 38/45 MP: 5/5
  2427 | D:4      | Noticed a phantom
  2444 | D:4      | Killed a phantom
  2610 | D:4      | Reached XP level 6. HP: 52/52 MP: 6/6
  2649 | D:4      | Found a broken altar of Ashenzari.
  2649 | D:4      | Found a sacrificial altar of Ru.
  2650 | D:4      | Found a burning altar of Makhleb.
  3055 | D:5      | Entered Level 5 of the Dungeon
  3233 | D:5      | Reached skill level 5 in Fighting
  3233 | D:5      | Gained mutation: You regenerate magic and health when
                  | rolling toward enemies. (Rampage Regen) [Armataur growth]
  3233 | D:5      | Reached XP level 7. HP: 15/61 MP: 7/7
  3466 | D:5      | Reached skill level 5 in Ranged Weapons
  4697 | D:6      | Found a staircase to the Ecumenical Temple.
  4706 | Temple   | Entered the Ecumenical Temple
  4847 | D:6      | Found Forrocif's Assorted Antiques.
  4862 | D:6      | Bought a blackened jasper amulet for 125 gold pieces
  4927 | D:6      | Reached XP level 8. HP: 41/70 MP: 8/8
  5349 | D:6      | Noticed Pikel
  5834 | D:6      | Found a shadowy altar of Dithmenos.
  5930 | D:6      | HP: 1/71 [wyvern (14)]
  5931 | D:6      | Mangled by a wyvern

Illustrated notes

Levels and vault maps discovered:
D:1:      nagdon_arrival_double_spiral, layout_basic,
          shapermc_ecumenical_altar_hornbeckon
D:2:      layout_rooms, grunt_decor_fettered, minmay_misc_feat_chi, uniq_jessica
D:3:      layout_basic
D:4:      layout_basic, gammafunk_temple_overflow_claw
D:5:      layout_cave_pods
D:6:      layout_basic, mainiacjoe_overflow_catch_the_wave,
          minmay_temple_entry_trees, serial_shops, shop,
          kennysheep_pointless_box, minmay_stone_trees_medium, hex_tiny,
          uniq_pikel
D:7:      layout_cave_pools, ebering_ghost_reflecting_pool, minivault_25
Temple:   nicolae_temple_superstar

Skill      XL: |  1  2  3  4  5  6  7  8 |
---------------+-------------------------+-----
Ranged Weapons | 3 4 5 6 |  6.3
Fighting       | 2 3 4 5 6 |  6.8
Dodging        | |  1.3
Stealth        | |  1.1

Action                     |  1- 3 |  4- 6 |  7- 9 || total
---------------------------+-------+-------+-------++-------
   Fire: Shortbow          |   109 |   174 |   235 ||   518
    Use: Potion            |       |     1 |     1 ||     2
 Armour: Leather armour    |    26 |    59 |   129 ||   214
  Dodge: Dodged            |    11 |    54 |    62 ||   127

Table legend: (Time is in decaauts)
 A = Elapsed time spent in this place.
 B = Non-inter-level travel time spent in this place.
 C = Inter-level travel time spent in this place.
 D = Time resting spent in this place.
 E = Time spent auto-exploring this place.
 F = Levels seen in this place.
 G = Mean time per level.
                   A        B        C        D        E       F      G
               +--------+--------+--------+--------+--------+-----+--------+
         Total |   6032 |   5531 |    501 |    110 |   4281 |   8 |  754.0 |
       Dungeon |   6008 |   5529 |    479 |    110 |   4281 |   7 |  858.3 |
        Temple |     23 |      1 |     22 |      0 |      0 |   1 |   23.0 |
               +--------+--------+--------+--------+--------+-----+--------+

Top non-repeatable levels by time:
     D:5: 1312 daAuts
     D:6: 1307 daAuts
     D:4: 1292 daAuts
     D:1: 773 daAuts
     D:3: 730 daAuts
     D:2: 555 daAuts
     D:7: 35 daAuts
  Temple: 23 daAuts
